 Dungeon Crawl Stone Soup version 0.31-a0-1042-ga9834b393d (webtiles) character file.

Game seed: 888967905524223861

43180 Dirtsage the Severer (level 13, -2/101 HPs)
             Began as a Demonspawn Berserker on Nov 20, 2023.
             Was a High Priest of Trog.
             Killed from afar by an ice dragon (55 damage)
             ... with a blast of cold
             ... on level 5 of the Lair of Beasts.
             The game lasted 00:27:35 (14448 turns).

Dirtsage the Severer (Demonspawn Berserker)        Turns: 14448, Time: 00:27:35

Health: -2/101     AC: 15    Str: 21    XL:     13   Next: 89%
Magic:  13/13      EV: 15    Int: 10    God:    Trog [*****.]
Gold:   913        SH:  0    Dex: 19    Spells: 12/12 levels left

rFire   . . .        Q - +3 broad axe
rCold   . . .        (no shield)
rNeg    + . .        b - +1 scale mail of Least Resistance {Rampage}
rPois   .            O - +1 hat
rElec   .            l - +2 cloak
rCorr   .            (gloves unavailable)
SInv    .            (no boots)
Will    .....        f - amulet of faith Stlth
                     n - +6 ring of dexterity
HPRegen 0.36/turn    N - ring of positive energy
MPRegen 0.13/turn

%: rampage, faith
@: no status effects
A: powered by death 1, spiny 3, sharp scales 2, demonic touch 3
a: Renounce Religion, Berserk, Trog's Hand, Brothers in Arms


You were on level 5 of the Lair of Beasts.
You worshipped Trog.
Trog was extremely pleased with you.
You visited 3 branches of the dungeon, and saw 16 of its levels.
You also visited: Sewer.

You collected 913 gold pieces.

Inventory:

Hand Weapons
 a - a +1 hand axe of flaming
 H - a +3 war axe
 Q - a +3 broad axe (weapon)
Missiles
 C - 10 curare-tipped darts
Armour
 b - the +1 scale mail of Least Resistance (worn) {Rampage}
   (You found it on level 3 of the Dungeon)

   Rampage:   It bestows one free step when moving towards enemies.
 l - a +2 cloak (worn)
 p - a +4 chain mail
 O - a +1 hat (worn)
 P - a scarf of resistance
Jewellery
 c - an amulet of the acrobat
 f - an amulet of faith (around neck)
 n - a +6 ring of dexterity (left hand)
 N - a ring of positive energy (right hand)
Talismans
 k - a talisman of death
Wands
 v - a wand of roots (2)
 D - a wand of flame (20) (quivered)
 F - a wand of acid (5)
 M - a wand of polymorph (5)
Scrolls
 e - 2 scrolls of enchant armour
 g - 4 scrolls of fear
 h - 7 scrolls of enchant weapon
 r - 3 scrolls of revelation
 t - 8 scrolls of teleportation
 A - a scroll of poison
 B - 2 scrolls of blinking
Potions
 d - 3 potions of might
 j - a potion of berserk rage {unknown}
 m - 6 potions of lignification
 o - 2 potions of invisibility {unknown}
 q - 4 potions of curing
 s - 2 potions of ambrosia {unknown}
 u - 3 potions of resistance {unknown}
 w - 3 potions of heal wounds {unknown}
 x - 2 potions of cancellation {unknown}
 E - a potion of haste {unknown}
 G - 2 potions of enlightenment {unknown}
 J - 2 potions of mutation {unknown}
 K - a potion of attraction {unknown}
Miscellaneous
 I - a lightning rod (4/4)


   Skills:
 + Level 9.6 Fighting
 * Level 15.7 Axes
 + Level 8.5 Armour
 + Level 8.3 Dodging
 + Level 7.3 Shapeshifting


You had 12 spell levels left.
You didn't know any spells.
Your spell library contained the following spells:

 Spells                   Type           Power      Damage    Failure   Level
 Kiss of Death            Conj/Necr      0%         2d5       65%         1
 Magic Dart               Conj           0%         1d3       65%         1
 Blink                    Tloc           0%         N/A       80%         2
 Cigotuvi's Dreadful Rot  Necr/Pois/Air  0%         N/A       80%         2
 Searing Ray              Conj           0%         2d4       80%         2
 Sublimation of Blood     Necr           0%         N/A       80%         2
 Confusing Touch          Hex            0%         N/A       95%         3
 Ignite Poison            Fire/Tmut/Pois 0%         N/A       95%         3
 Tukima's Dance           Hex            0%         N/A       95%         3
 Cause Fear               Hex            0%         N/A       100%        4
 Dispel Undead            Necr           0%         3d6       100%        4
 Fulminant Prism          Conj/Hex       0%         3d5       100%        4
 Manifold Assault         Tloc           0%         N/A       100%        4
 Passage of Golubria      Tloc           0%         N/A       100%        4
 Petrify                  Tmut/Erth      0%         N/A       100%        4
 Fireball                 Conj/Fire      0%         3d3       100%        5
 Freezing Cloud           Conj/Ice/Air   0%         6-21      100%        5
 Irradiate                Conj/Tmut      0%         3d11      100%        5
 Yara's Violent Unravell  Hex/Tmut       0%         3d3       100%        5
 Dragon's Call            Summ           0%         N/A       100%        9


Dungeon Overview and Level Annotations

Branches:
Dungeon (10/15)            Temple (1/1) D:6            Lair (5/5) D:9
  Swamp (0/4) Lair:2       Spider (0/4) Lair:3        Slime (0/5) Lair:5
    Orc (0/2) D:9           Sewer (visited)

Altars:
Ashenzari
Cheibriados
Dithmenos
Fedhas
Gozag
Hepliaklqana
Kikubaaqudgha
Makhleb
Nemelex Xobeh
Okawaru
Qazlal
Ru
Sif Muna
Trog
Uskayaw
Vehumet
Wu Jian
Xom
Yredelemnul
Jiyva

Shops:
D:8 [

Annotations:
Lair:5 exclusion: ice statue


Innate Abilities, Weirdness & Mutations

You regenerate a little health from kills.
You are completely covered in sharp spines.
You are mostly covered in razor-sharp scales. (AC +2, Slay +2)
Your touch may irresistibly damage your foes and sap their willpower.


Message History

You kill the ice beast!
Trog accepts your kill.
No target in view!
An ice beast comes into view.
You regained 5 hp, and now have 93/101 hp.
No reachable target in view!
You closely miss the ice beast.
The jelly quivers.
The ice beast hits you. The ice beast freezes you!
You take 14 damage, and have 80/101 hp.
You slash the ice beast!
The ice beast is moderately wounded.
You barely miss the ice beast.
You touch the ice beast!
You sap its willpower!
You punch the ice beast.
The ice beast is severely wounded.
The ice beast hits you but does no damage.
You slash the ice beast!
You kill the ice beast!
Trog accepts your kill.
You rampage towards the jelly!
An ice statue comes into view.
Found a There-And-Back Book and a ruby potion.
Found an escape hatch in the ceiling.
An ice dragon comes into view.
The ice dragon roars deafeningly!
Marking area around an ice statue as unsafe for travelling.
The ice statue gestures.
An ice beast comes into view. x2; A white imp comes into view.
The jelly is struck by your spines. The jelly hits you but does no damage.
The ice dragon breathes frost at you.
The blast of cold hits the jelly!!!
The jelly dies!
The blast of cold hits you!!
Something shouts, "Capitulate, thou odious common-kissing whey-face!"
You hear an angry growl.
You take 32 damage, and have 50/101 hp.
MASSIVE DAMAGE!!
The ice dragon breathes frost at you. The blast of cold hits you!!!
Ouch! That really hurt!
You die...

.......≈≈~..≈≈≈.≈≈≈.≈~
##.......~≈≈≈.≈.....≈.≈
.#.......⌠.≈~≈.......≈.≈
...........D≈Y..........
........................
.............P#.........
..........Y.............
.......††...............
.......@...###...?......
##.........# ##.........
##..........###........
#.......#### ###......
##.....## P..... #....##
..... #..... .. #..P..


You could see an ice dragon (catching breath) and 2 ice beasts.

Vanquished Creatures
  A hydra (Lair:4)
  A two-headed ogre (D:10)
  17 death yaks
  Nergalle (D:10)
  A skyshark (Lair:3)
  2 bog bodies (Lair:2)
  Pikel (D:5)
  4 elephants (Lair:4)
  Maurice (D:8)
  4 black mambas
  7 cane toads
  2 unseen horrors
  A rime drake (Lair:3)
  11 komodo dragons
  A hornet (D:5)
  4 polar bears
  14 blink frogs
  A shadow (D:10)
  Eustachio (D:5)
  3 basilisks (Lair:1)
  2 wyverns
  47 yaks
  2 wraiths (Lair:4)
  5 steam dragons
  A warg (D:9)
  Edmund (D:4)
  9 water moccasins
  Duvessa (D:5)
  6 orc warriors
  6 ice beasts (Lair:5)
  12 black bears
  A sky beast (D:7)
  2 ogres
  10 wolves
  2 centaurs
  A lemure (D:5)
  4 kobold brigands
  9 bullfrogs
  A gnoll sergeant (D:5)
  A necrophage (D:4)
  3 scorpions
  5 wights (D:8)
  Dowan (D:5)
  16 killer bees
  3 electric eels (Lair:2)
  A hound (D:5)
  Crazy Yiuf (D:2)
  2 gnoll boudas
  2 jellies (D:5)
  3 orc priests
  3 iguanas
  5 orc wizards
  6 hell rats
  A hound skeleton (D:4)
  11 adders
  16 gnolls
  A shadow imp (D:5)
  A white imp (Lair:5)
  2 ufetubi (D:7)
  A worm (D:3)
  9 dart slugs
  29 orcs
  12 endoplasms
  6 giant cockroaches
  6 goblins
  5 hobgoblins
  12 jackals
  30 kobolds
  5 quokkas
  6 ball pythons
  8 bats
  4 frilled lizards
  9 rats
  A spectral hobgoblin (D:4)
  2 butterflies (D:9)
429 creatures vanquished.

Vanquished Creatures (collateral kills)
  Sonja (Lair:2)
  Psyche (D:8)
  A water moccasin (Lair:2)
3 creatures vanquished.

Vanquished Creatures (others)
  A jelly (Lair:5)
1 creature vanquished.

Grand Total: 433 creatures vanquished

Notes
Turn   | Place    | Note
-------+----------+-------------------------------------------
     0 | D:1      | Dirtsage the Demonspawn Berserker began the quest for the
                  | Orb.
     0 | D:1      | Reached XP level 1. HP: 18/18 MP: 1/1
   134 | D:1      | Reached skill level 3 in Axes
   148 | D:1      | Gained mutation: You are partially covered in sharp spines.
                  | [demonic ancestry]
   148 | D:1      | Reached XP level 2. HP: 20/24 MP: 2/2
   551 | D:1      | Reached ** piety under Trog
   618 | D:1      | Gained mutation: You are mostly covered in sharp spines.
                  | [demonic ancestry]
   618 | D:1      | Reached XP level 3. HP: 29/29 MP: 3/3
   629 | D:1      | Reached skill level 4 in Axes
   947 | D:2      | Reached XP level 4. HP: 34/35 MP: 4/4
  1065 | D:2      | Found a faded altar of an unknown god.
  1143 | D:2      | Reached skill level 5 in Axes
  1179 | D:2      | Found a runed translucent door.
  1180 | D:2      | Noticed Crazy Yiuf
  1188 | D:2      | Killed Crazy Yiuf
  1189 | D:2      | Gained mutation: You regenerate a little health from kills.
                  | [demonic ancestry]
  1189 | D:2      | Reached XP level 5. HP: 41/41 MP: 5/5
  1341 | D:3      | Found an ancient bone altar of Kikubaaqudgha.
  1386 | D:3      | Identified the +1 scale mail of Least Resistance {Rampage}
  1617 | D:3      | Found a shimmering blue altar of Sif Muna.
  1623 | D:3      | Found a bloodstained altar of Trog.
  1725 | D:3      | Reached *** piety under Trog
  1727 | D:3      | Reached skill level 6 in Axes
  1730 | D:3      | Identified the +1 leather armour "Ruvvueta" {Int+2}
  1814 | D:3      | Found a blossoming altar of Fedhas.
  2279 | D:4      | Gained mutation: You are partially covered in razor-sharp
                  | scales. (AC +1, Slay +1) [demonic ancestry]
  2279 | D:4      | Reached XP level 6. HP: 44/47 MP: 6/6
  2340 | D:4      | Noticed Edmund
  2358 | D:4      | Killed Edmund
  2391 | D:4      | Reached skill level 7 in Axes
  2611 | D:4      | Found a hazy altar of Hepliaklqana.
  2844 | D:4      | Found a burning altar of Makhleb.
  2848 | D:4      | Gained mutation: Your touch may inflict minor irresistible
                  | damage on your foes. [demonic ancestry]
  2848 | D:4      | Reached XP level 7. HP: 52/52 MP: 7/7
  3057 | D:5      | Entered Level 5 of the Dungeon
  3121 | D:5      | Noticed Pikel
  3126 | D:5      | Reached skill level 8 in Axes
  3131 | D:5      | Killed Pikel
  3132 | D:5      | Reached skill level 9 in Axes
  3132 | D:5      | Reached XP level 8. HP: 48/58 MP: 8/8
  3424 | D:5      | Noticed Duvessa
  3427 | D:5      | Noticed Dowan
  3434 | D:5      | Killed Dowan
  3437 | D:5      | Killed Duvessa
  3437 | D:5      | Reached **** piety under Trog
  3438 | D:5      | Reached skill level 10 in Axes
  3483 | D:5      | Noticed Eustachio
  3493 | D:5      | Killed Eustachio
  3615 | D:5      | Noticed a hornet
  3619 | D:5      | Killed a hornet
  3620 | D:5      | Reached skill level 11 in Axes
  3624 | D:5      | Gained mutation: Your touch may inflict irresistible damage
                  | on your foes. [demonic ancestry]
  3624 | D:5      | Reached XP level 9. HP: 63/63 MP: 9/9
  4069 | D:6      | Found a glowing drain.
  4089 | Sewer    | Entered a sewer
  4293 | D:6      | Reached skill level 1 in Shapeshifting
  4755 | D:6      | Found a staircase to the Ecumenical Temple.
  4763 | Temple   | Entered the Ecumenical Temple
  5006 | D:6      | Found an opulent altar of Gozag.
  5155 | D:7      | Found a sparkling altar of Nemelex Xobeh.
  5238 | D:7      | Noticed a two-headed ogre
  5238 | D:7      | Noticed a troll
  5254 | D:7      | Reached ***** piety under Trog
  5442 | D:7      | Reached XP level 10. HP: 71/73 MP: 10/10
  5818 | D:8      | Found Dikiud's Antique Armour Boutique.
  5850 | D:8      | Reached skill level 12 in Axes
  5858 | D:8      | Reached skill level 5 in Fighting
  5970 | D:8      | Noticed Psyche
  6182 | D:8      | Killed Psyche
  6280 | D:8      | Noticed Maurice
  6368 | D:8      | Killed Maurice
  6789 | D:9      | Found a shimmering altar of Xom.
  6864 | D:9      | Found a staircase to the Orcish Mines.
  6969 | D:9      | Received a gift from Trog
  7137 | D:9      | Found a staircase to the Lair.
  7269 | D:9      | Found a sacrificial altar of Ru.
  7300 | D:9      | Reached skill level 5 in Armour
  7300 | D:9      | Gained mutation: You are mostly covered in razor-sharp
                  | scales. (AC +2, Slay +2) [demonic ancestry]
  7300 | D:9      | Reached XP level 11. HP: 78/81 MP: 11/11
  7527 | D:9      | Reached skill level 5 in Dodging
  7657 | D:9      | Found a broken altar of Ashenzari.
  7981 | D:10     | Entered Level 10 of the Dungeon
  8001 | D:10     | Reached skill level 13 in Axes
  8107 | D:10     | Noticed a two-headed ogre
  8116 | D:10     | Killed a two-headed ogre
  8354 | D:10     | Found a shadowy altar of Dithmenos.
  8442 | D:10     | Noticed Nergalle
  8450 | D:10     | Killed Nergalle
  8848 | Lair:1   | Entered Level 1 of the Lair of Beasts
  8938 | Lair:1   | Reached skill level 5 in Shapeshifting
  9004 | Lair:1   | Gained mutation: You are completely covered in sharp
                  | spines. [demonic ancestry]
  9004 | Lair:1   | Reached XP level 12. HP: 79/91 MP: 12/12
  9713 | Lair:2   | Noticed a death yak
  9714 | Lair:2   | Noticed a death yak
  9720 | Lair:2   | Noticed a death yak
  9725 | Lair:2   | Killed a death yak
  9767 | Lair:2   | Reached skill level 14 in Axes
  9830 | Lair:2   | Noticed Sonja
  9835 | Lair:2   | Killed Sonja
  9974 | Lair:2   | Received a gift from Trog
 10072 | Lair:2   | Found a staircase to the Swamp.
 10596 | Lair:2   | Killed a death yak
 10609 | Lair:2   | Killed a death yak
 11437 | Lair:3   | Identified the +5 dagger of Annihilation {heavy, rC++ Will-
                  | Str+2 Dex+2}
 11634 | Lair:3   | Noticed a death yak
 11634 | Lair:3   | Noticed a death yak
 11635 | Lair:3   | Noticed a death yak
 11635 | Lair:3   | Noticed a death yak
 11678 | Lair:3   | Killed a death yak
 11683 | Lair:3   | Killed a death yak
 11684 | Lair:3   | Gained mutation: Your touch may irresistibly damage your
                  | foes and sap their willpower. [demonic ancestry]
 11684 | Lair:3   | Reached XP level 13. HP: 99/99 MP: 13/13
 12167 | Lair:3   | Reached skill level 15 in Axes
 12178 | Lair:3   | Received a gift from Trog
 12207 | Lair:3   | Found a hole to the Spider Nest.
 13202 | Lair:4   | You fall into a shaft and drop 1 floor!
 13202 | Lair:5   | Entered Level 5 of the Lair of Beasts
 13202 | Lair:5   | Found a staircase to the Slime Pits.
 13202 | Lair:5   | Found a viscous altar of Jiyva.
 14448 | Lair:5   | Killed from afar by an ice dragon

Illustrated notes

Levels and vault maps discovered:
D:1:      psy_arrival_fountain, layout_loops_ring, hex_medium,
          roderic_malta_cross, minmay_stone_trees_medium,
          minmay_gold_behind_fungi
D:2:      layout_rooms, chequers_ecumenical_altar_simple_redux,
          uniq_crazy_yiuf_cottage
D:3:      layout_loops_ring, hellmonk_overflow_destroyed_library,
          fedhas_altar_fruit_tree, mainiacjoe_overflow_cross_hatched,
          mainiacjoe_overflow_24_doors, minmay_checkerbox
D:4:      minmay_wonky_spiral, layout_rooms, makhleb_blood_cavern_becter,
          nicolae_hepliaklqana_monster_ancestors, kennysheep_generic_room_9,
          uniq_edmund
D:5:      layout_basic, solitary_fountain, nrook_uturn,
          nicolae_concentric_dashed_squares_wild, serial_bayou_pond_e,
          uniq_pikel, uniq_duvessa, uniq_eustachio
D:6:      layout_basic, kennysheep_mini_moat, minmay_temple_entry_wispy,
          mainiacjoe_sewer_entry_somewhere_in_here_1, ldierk_geyser
D:7:      layout_basic, overflow_temple_1_default, lightli_corner_chamber
D:8:      layout_loops_ring, serial_shops, shop, uniq_psyche, uniq_maurice
D:9:      layout_loops_ring, hangedman_ru_absence, xom_butterflies,
          lemuel_doored_altar, david_lair_shrubbed, erik_orc_3, serial_rivers,
          chequers_serial_rivers_large_a, chequers_serial_rivers_micro_c,
          chequers_serial_rivers_room_b, chequers_serial_rivers_micro_a
D:10:     layout_basic, nicolae_dithmenos_through_a_glass_darkly,
          kennysheep_mini, nicolae_nh_ransacked_shop, uniq_nergalle
Temple:   nicolae_temple_ecumenical_triangle
Lair:1:   layout_long_grid, minivault_26, st_stairs_11, lemuel_fruit_fields
Lair:2:   layout_hall_layers, skrybe_swamp_entry_bodies, serial_bayou_lake_a,
          grunt_megastairs_4, serial_bayou_shore_a, uniq_sonja
Lair:3:   beast_lair_carwin_large_1, layout_cave_pods,
          spider_nest_entry_web_field
Lair:4:   layout_cave_pods
Lair:5:   evilmike_catoblepas_cave, layout_cave_pods,
          nicolae_slime_entry_slimehenge, ice2_lemuel,
          infiniplex_staircase_pool_2, uniq_josephine, uniq_snorg

Skill      XL: |  1  2  3  4  5  6  7  8  9 10 11 12 13 |
---------------+----------------------------------------+-----
Axes           | 3 4 5 6 7 9 11 12 13 14 15 | 15.7
Armour         | 3 5 6 7 8 |  8.5
Dodging        | 3 4 6 7 8 |  8.3
Shapeshifting  | 2 4 5 6 7 |  7.3
Fighting       | 4 5 7 8 9 |  9.6

Action                     |  1- 3 |  4- 6 |  7- 9 | 10-12 | 13-15 || total
---------------------------+-------+-------+-------+-------+-------++-------
  Melee: Hand axe          |    71 |   109 |   173 |    91 |       ||   444
         Punch             |       |     1 |     2 |     7 |     3 ||    13
         Touch             |       |       |    33 |    97 |    38 ||   168
         War axe           |       |       |       |   299 |       ||   299
         Broad axe         |       |       |       |    71 |   147 ||   218
  Throw: Dart              |       |       |       |     1 |       ||     1
 Invoke: Berserk           |       |     2 |     3 |     5 |     5 ||    15
         Trog's Hand       |       |     1 |       |     3 |     1 ||     5
         Brothers in Arms  |       |       |       |     2 |       ||     2
  Evoke: Wand              |       |       |       |     6 |       ||     6
    Use: Scroll            |       |     5 |     2 |     3 |     7 ||    17
 Armour: Scale mail        |    35 |    49 |   104 |   275 |   127 ||   590
         Animal skin       |     3 |       |       |       |       ||     3
         Chain mail        |       |     1 |       |       |       ||     1
  Dodge: Dodged            |    38 |    50 |    58 |   205 |    79 ||   430

Table legend: (Time is in decaauts)
 A = Elapsed time spent in this place.
 B = Non-inter-level travel time spent in this place.
 C = Inter-level travel time spent in this place.
 D = Time resting spent in this place.
 E = Time spent auto-exploring this place.
 F = Levels seen in this place.
 G = Mean time per level.
                   A        B        C        D        E       F      G
               +--------+--------+--------+--------+--------+-----+--------+
         Total |  14536 |  14006 |    530 |   1245 |  10717 |  17 |  855.1 |
       Dungeon |   8715 |   8319 |    396 |    525 |   6489 |  10 |  871.5 |
        Temple |     64 |     64 |      0 |     59 |      0 |   1 |   64.0 |
          Lair |   5669 |   5536 |    133 |    660 |   4176 |   5 | 1133.8 |
         Sewer |     87 |     87 |      0 |      0 |     51 |   1 |   87.0 |
               +--------+--------+--------+--------+--------+-----+--------+

Top non-repeatable levels by time:
  Lair:3: 2134 daAuts
     D:9: 1236 daAuts
  Lair:2: 1185 daAuts
  Lair:4: 1183 daAuts
  Lair:1: 1080 daAuts
     D:6: 1066 daAuts
     D:3: 953 daAuts
     D:5: 904 daAuts
     D:8: 880 daAuts
    D:10: 833 daAuts
     D:4: 793 daAuts
     D:1: 728 daAuts
     D:7: 712 daAuts
     D:2: 607 daAuts
   Sewer: 87 daAuts
